 Dungeon Crawl Stone Soup version 0.31.0-32-g396128a36d (webtiles) character file.

Game seed: 7516007350372252586

549 aaalt the Chiller (level 7, -3/48 HPs)
             Began as a Merfolk Ice Elementalist on Mar 11, 2024.
             Was a Plaything of Xom.
             Engulfed by a steam dragon's steam (21 damage)
             ... on level 6 of the Dungeon.
             The game lasted 01:53:31 (3530 turns).

aaalt the Chiller (Merfolk Ice Elementalist)        Turns: 3530, Time: 01:54:01

Health: -3/48      AC:  7    Str:  9    XL:     7   Next: 28%
Magic:  13/13      EV: 11    Int: 16    God:    Xom [..*...]
Gold:   169        SH:  5    Dex: 14    Spells: 10/14 levels left

rFire   . . .        r - +0 short sword
rCold   . . .        (no shield)
rNeg    . . .        x - +0 ring mail
rPois   .            (no helmet)
rElec   .            q - +0 cloak
rCorr   .            (no gloves)
SInv    +            v - +0 pair of boots
Will    +....        y - amulet of reflection
Stlth   +            c - ring of willpower
HPRegen 0.28/turn    t - ring of see invisible
MPRegen 0.13/turn

%: reflection
@: on berserk cooldown, slowed, very slow
A: (nimble swimmer 2), mertail
a: Renounce Religion


You were on level 6 of the Dungeon.
You worshipped Xom.
You were a toy of Xom.
You visited 1 branch of the dungeon, and saw 6 of its levels.

You collected 169 gold pieces.

Inventory:

Hand Weapons
 o - a +0 mace
 r - a +0 short sword (weapon)
 z - a +0 giant spiked club
 A - a +0 whip
 C - a +0 flail
 E - a +0 orcbow
Armour
 a - a +0 robe
 m - a +0 leather armour
 q - a +0 cloak (worn)
 s - a +0 robe
 v - a +0 pair of boots (worn)
 x - a +0 ring mail (worn)
Jewellery
 c - a ring of willpower (left hand)
 t - a ring of see invisible (right hand)
 u - an amulet of reflection
 y - an amulet of reflection (around neck)
Wands
 p - a wand of mindburst (11)
 w - a wand of roots (6)
Scrolls
 d - 2 scrolls of enchant armour
 f - 3 scrolls of identify
 h - a scroll of immolation {unknown}
 j - 2 scrolls of teleportation {unknown}
 k - a scroll of fog {unknown}
 l - a scroll of enchant weapon {unknown}
 B - a scroll of vulnerability {unknown}
Potions
 b - a potion of magic
 e - 3 potions of enlightenment {unknown}
 g - a potion of berserk rage {unknown}
 i - 2 potions of brilliance {unknown}
 D - 2 potions of heal wounds {unknown}


   Skills:
 + Level 1.0 Fighting
 + Level 1.4 Maces & Flails
 + Level 0.2 Ranged Weapons
 + Level 1.6 Armour
 + Level 4.3 Dodging
 + Level 2.4 Stealth
 + Level 0.7 Shields
 + Level 0.9 Unarmed Combat
 + Level 4.1 Spellcasting
 + Level 5.6 Ice Magic
 + Level 1.4 Invocations
 + Level 0.9 Evocations


You had 10 spell levels left.
You knew the following spells:

 Your Spells              Type           Power      Damage    Failure   Level
a - Freeze                Ice            84%        1d9       4%          1
b - Ozocubu's Armour      Ice            21%        N/A       13%         3

Your spell library contained the following spells:

 Spells                   Type           Power      Damage    Failure   Level
 Frozen Ramparts          Ice            42%        1d7       13%         3
 Summon Ice Beast         Ice/Summ       12%        N/A       38%         3
 Cigotuvi's Dreadful Rot  Necr/Alch/Air  6%         N/A       56%         2
 Dispel Undead            Necr           3%         3d7       99%         4
 Martyr's Knell           Necr/Summ      3%         N/A       99%         4
 Death Channel            Necr           1%         N/A       100%        6


Dungeon Overview and Level Annotations

Branches:
Dungeon (6/15)             Temple (0/1) D:5

Altars:
Makhleb
Xom

Annotations:
D:4 Menkaure


Innate Abilities, Weirdness & Mutations

((You are very nimble when in or above water. (Stealth+, EV+, Speed+++)))
Your lower body shifts to a powerful aquatic tail in water.


Message History

Aim: an orc priest, wielding a +0 dagger (wandering, hasn't noticed you, chance to affect: 69%)
Okay, then. 2 orcs come into view.
The orc shouts! x2
The orc wizard gestures at you while chanting.
The magic dart hits you. The orc wizard casts a spell at you.
The magic dart hits you.
The orc wizard gestures at you while chanting.
The magic dart hits you.
There is a stone staircase leading down here.
You climb downwards.
There is a stone staircase leading up here.
A steam dragon comes into view.
The steam dragon hisses angrily.
Xom grants you a minor favour.
A red film seems to cover your vision as you go berserk!
You feel yourself moving faster!
You feel mighty!
Unknown command.
You are too berserk!
You are too berserk!
r - a +0 short sword (weapon)
You feel a strong urge to attack something.
You feel your anger nearly subside.
You are no longer berserk.
You are exhausted.
You feel yourself slow down.
As you read the scroll labelled GUAMES HEMEUL, it crumbles to dust.
It is a scroll of identify.
d - 2 scrolls of enchant armour Xom is amused.
The steam dragon breathes steam at you. The ball of steam hits you!
Unknown command.
As you read the scroll labelled COEBEN ZEVU, it crumbles to dust.
Your body is wracked with pain!
The steam dragon convulses!
It was a scroll of torment.
Xom is amused.
You are engulfed in a cloud of scalding steam.
You die...
Xom guffaws!

#. #.# #. #.# #.
#.#
#.###########.#
#.#..........<#
##.#.###########
#..§§.......
####§######. #@#
#D# #.# #.# #..
###


You could see a steam dragon (catching breath).

Vanquished Creatures
  2 ogres
  A centaur (D:4)
  A bombardier beetle (D:5)
  2 jellies (D:5)
  A hound (D:3)
  Ijyb (D:3)
  7 adders
  A white imp (D:5)
  4 dart slugs
  8 orcs (D:3)
  9 endoplasms
  2 goblins
  2 hobgoblins
  4 jackals (D:3)
  3 kobolds
  A quokka (D:2)
  4 ball pythons
  2 bats (D:1)
  4 frilled lizards
  6 rats
65 creatures vanquished.

Notes
Turn   | Place    | Note
-------+----------+-------------------------------------------
     0 | D:1      | aaalt the Merfolk Ice Elementalist began the quest for the
                  | Orb.
     0 | D:1      | Reached XP level 1. HP: 13/13 MP: 3/3
   540 | D:1      | Reached XP level 2. HP: 12/19 MP: 0/5
   819 | D:2      | Reached XP level 3. HP: 16/24 MP: 1/6
   842 | D:2      | Found a faded altar of an unknown god.
   842 | D:2      | Noticed a soul eater
   852 | D:2      | Prayed at the altar of an unknown god.
   852 | D:2      | Became a worshipper of Makhleb the Destroyer
   852 | D:2      | Reached * piety under Makhleb
   882 | D:2      | Reached skill level 5 in Ice Magic
  1667 | D:3      | Reached XP level 4. HP: 22/30 MP: 4/7
  1737 | D:3      | Noticed Ijyb
  1745 | D:3      | Killed Ijyb
  1833 | D:3      | Reached XP level 5. HP: 34/35 MP: 3/9
  1987 | D:3      | Noticed an ogre
  2004 | D:3      | Killed an ogre
  2028 | D:3      | Reached ** piety under Makhleb
  2032 | D:3      | Reached XP level 6. HP: 40/42 MP: 6/11
  2614 | D:3      | Found a shimmering altar of Xom.
  2882 | D:3      | Fell from the grace of Makhleb
  2882 | D:3      | Became a worshipper of Xom of Chaos
  2892 | D:3      | XOM: divination: magic mapping
  3037 | D:4      | Reached skill level 1 in Armour
  3043 | D:4      | XOM: potion effect (haste)
  3061 | D:4      | Reached skill level 1 in Maces & Flails
  3070 | D:4      | Noticed Menkaure
  3094 | D:4      | XOM: potion effect (invisibility)
  3103 | D:5      | Entered Level 5 of the Dungeon
  3110 | D:5      | Reached skill level 1 in Invocations
  3224 | D:5      | Reached skill level 1 in Fighting
  3224 | D:5      | Reached XP level 7. HP: 48/48 MP: 12/12
  3242 | D:5      | Learned a level 3 spell: Ozocubu's Armour
  3293 | D:5      | XOM: cast spell 'Fugue of the Fallen'
  3344 | D:5      | XOM: cloud trail
  3501 | D:5      | Found a staircase to the Ecumenical Temple.
  3522 | D:6      | Noticed a steam dragon
  3524 | D:6      | XOM: potion effect (berserk rage)
  3530 | D:6      | Engulfed by a steam dragon's steam

Illustrated notes

Levels and vault maps discovered:
D:1:      minmay_arrival_radiant_lines, layout_basic,
          nicolae_concentric_dashed_squares_wild
D:2:      wander_river, layout_basic, dreamdust_ecumenical_altar_sealed_demon,
          uniq_crazy_yiuf_cottage
D:3:      minmay_spotlight, layout_loops_cross,
          regret_index_xom_buried_treasure, kennysheep_generic_room_6, uniq_ijyb
D:4:      minmay_bubble_buster, layout_rooms, tso_oasis_becter, uniq_menkaure
D:5:      minmay_evil_eye, layout_gridville, nicolae_vehumet_radiance,
          minmay_temple_entry_stoned_glass, uniq_sigmund
D:6:      layout_basic, general_overflow_altar, uniq_grinder

Skill      XL: |  1  2  3  4  5  6  7 |
---------------+----------------------+-----
Ice Magic      | 5 |  5.6
Dodging        | 3 4 |  4.3
Spellcasting   | 3 4 |  4.1
Armour         | 1 |  1.6
Maces & Flails | 1 |  1.4
Invocations    | 1 |  1.4
Fighting       | 1 |  1.0
Ranged Weapons | |  0.2
Stealth        | |  2.4
Shields        | |  0.7
Unarmed Combat | |  0.9
Evocations     | |  0.9

Action                     |  1- 3 |  4- 6 |  7- 9 || total
---------------------------+-------+-------+-------++-------
  Melee: Unarmed           |    28 |       |       ||    28
         Punch             |     1 |     1 |       ||     2
         Mace              |    17 |    13 |       ||    30
         Flail             |       |    39 |       ||    39
         Short sword       |       |       |     4 ||     4
   Fire: Orcbow            |       |     9 |     9 ||    18
   Cast: Freeze            |    39 |    40 |     3 ||    82
         Ozocubu's Armour  |       |       |     8 ||     8
 Invoke: Minor Destruction |       |     7 |       ||     7
  Evoke: Wand              |       |     9 |     1 ||    10
    Use: Scroll            |       |       |     2 ||     2
 Armour: Robe              |    16 |       |       ||    16
         Leather armour    |    18 |     4 |       ||    22
         Ring mail         |       |    42 |    12 ||    54
         Skin              |       |     1 |       ||     1
  Dodge: Dodged            |    44 |    51 |     6 ||   101
  Block: Other             |       |    23 |     6 ||    29
         Reflection        |       |       |     1 ||     1
